 Dungeon Crawl Stone Soup version 0.31.0-11-ge490571c62 (webtiles) character file.

Game seed: 7679033089237477843

198 qw the Skirmisher (level 5, -2/29 HPs)
             Began as a Deep Elf Hunter on Feb 4, 2024.
             Was an Initiate of Okawaru.
             Incinerated by a bombardier beetle (4 damage)
             ... with a burning spray
             ... on level 3 of the Dungeon.
             The game lasted 00:00:09 (1947 turns).

qw the Skirmisher (Deep Elf Hunter)                 Turns: 1947, Time: 00:00:10

Health: -2/29      AC:  6    Str: 10    XL:     5   Next: 47%
Magic:  7/7        EV: 11    Int: 14    God:    Okawaru [......]
Gold:   117        SH:  0    Dex: 18    Spells: 4/4 levels left

rFire   . . .        a - +0 shortbow
rCold   . . .        (shield currently unavailable)
rNeg    . . .        f - +0 ring mail
rPois   .            (no helmet)
rElec   .            (no cloak)
rCorr   .            (no gloves)
SInv    .            b - +0 pair of boots
Will    .....        (no amulet)
Stlth   +            (no ring)
HPRegen 0.24/turn    (no ring)
MPRegen 0.10/turn

%: no passive effects
@: on fire, glowing
A: no striking features
a: Renounce Religion


You were on level 3 of the Dungeon.
You worshipped Okawaru.
Okawaru was noncommittal.
You visited 1 branch of the dungeon, and saw 3 of its levels.

You collected 141 gold pieces.
You spent 24 gold pieces at shops.


   Skills:
 + Level 1.5 Fighting
 - Level 9.0 Ranged Weapons
 - Level 2.4 Dodging
 - Level 1.2 Stealth


You had 4 spell levels left.
You didn't know any spells.
Your spell library was empty.

Inventory:

Hand Weapons
 a - a +0 shortbow (weapon)
Armour
 b - a +0 pair of boots (worn)
 f - a +0 ring mail (worn)
Wands
 h - a wand of digging (3)
Scrolls
 d - a scroll of brand weapon {unknown}
 i - a scroll of acquirement {unknown}
Potions
 c - a potion of enlightenment {unknown}
 e - a potion of heal wounds
 g - 2 potions of might

Dungeon Overview and Level Annotations

Branches:
Dungeon (3/15)

Altars:
Okawaru

Shops:
D:2 *


Message History

You shoot an arrow. The arrow hits the orc wizard.
The orc wizard is heavily wounded.
The orc wizard hits you but does no damage.
You shoot an arrow. The arrow hits the orc wizard.
The orc wizard is almost dead.
The orc wizard hits you but does no damage.
You shoot an arrow. The arrow hits the orc wizard.
You kill the orc wizard!
Okawaru accepts your kill.
You shoot an arrow.
The arrow barely misses the bombardier beetle.
You start resting.
A bombardier beetle is nearby!
You shoot an arrow.
The arrow barely misses the bombardier beetle.
You shoot an arrow. The arrow hits the bombardier beetle.
The bombardier beetle is moderately wounded.
The bombardier beetle sprays incendiary fluid at you.
The burning spray hits you.
You are covered in liquid fire!
You shoot an arrow. The arrow hits the bombardier beetle!
The bombardier beetle is almost dead.
The liquid fire burns you!
You shoot an arrow.
The arrow closely misses the bombardier beetle.
The liquid fire burns you!
You shoot an arrow. The arrow hits the bombardier beetle.
The bombardier beetle is almost dead.
The liquid fire burns you!
The bombardier beetle barely misses you.
You shoot an arrow. The arrow hits the bombardier beetle.
You kill the bombardier beetle!
Okawaru accepts your kill. The liquid fire burns you!
Your Ranged Weapons skill increases to level 9!
You are on fire!
The liquid fire burns you!
You are on fire!
The liquid fire burns you!
You die...

.. .....# #...........).....#
#..##)#.###.###############.#
#...........### #.#
......).......# #.#
#####.#.#####.# #.# #.#.# #.#
#.# #.#)## #.# #.#
#....####.####### #..
#......$@.......# #..
#......##.#####.########.
##.....##.# #..).......
........##.# ###########
##...#.###.# #...#.#
#.########## #...#.#
#..........# ....(..#
##########.# ##. ## #.# ##


There were no monsters in sight!

Vanquished Creatures
  A bombardier beetle (D:3)
  Jessica (D:3)
  2 orc wizards (D:3)
  3 adders
  A dart slug (D:3)
  6 orcs (D:3)
  4 bats
  4 endoplasms
  4 giant cockroaches
  7 goblins
  3 hobgoblins
  4 jackals (D:1)
  4 kobolds
  3 quokkas
  3 ball pythons
  4 frilled lizards
  6 rats
60 creatures vanquished.

Notes
Turn   | Place    | Note
-------+----------+-------------------------------------------
     0 | D:1      | qw the Deep Elf Hunter began the quest for the Orb.
     0 | D:1      | Reached XP level 1. HP: 12/12 MP: 3/3
     0 | D:1      | 0 ||| qw: Version: 0.3-a-160-g6735b56
     0 | D:1      | 0 ||| qw: Game counter: 6035
     0 | D:1      | 0 ||| qw: Melee chars always use a shield: true
     0 | D:1      | 0 ||| qw: God list: Okawaru
     0 | D:1      | 0 ||| qw: Allow faded altars: false
     0 | D:1      | 0 ||| qw: Do Orc after clearing Dungeon:15 true
     0 | D:1      | 0 ||| qw: Do second Lair branch before Depths: true
     0 | D:1      | 0 ||| qw: Lair rune preference: random
     0 | D:1      | 0 ||| qw: Goals: Normal
     0 | D:1      | 0 ||| PLANNING D:1-11
   121 | D:1      | Reached XP level 2. HP: 9/16 MP: 4/4
   160 | D:1      | Reached skill level 6 in Ranged Weapons
   617 | D:1      | 617 ||| READING scroll labelled GIEBLY LAVEIDGHIZ.
   617 | D:1      | 617 ||| ENCHANTING +0 shortbow.
   618 | D:1      | 618 ||| READING scroll labelled RAENIATRIO.
   622 | D:1      | 622 ||| READING scroll labelled SIACIL HAPENG.
   622 | D:1      | 622 ||| IDENTIFYING murky yellow potion
   623 | D:1      | 623 ||| READING scroll labelled GEKHLE HAF UWIJ.
   624 | D:1      | 624 ||| READING scroll labelled CEUS KECSUL.
   625 | D:1      | 625 ||| DROPPING scroll of butterflies.
   699 | D:2      | Found Epocul's Assorted Antiques.
   712 | D:2      | 712 ||| SHOPLISTING brass wand (108 gold, have 46).
   712 | D:2      | 712 ||| BUYING bubbling red potion (24 gold).
   712 | D:2      | Bought a bubbling red potion for 24 gold pieces
   712 | D:2      | 712 ||| SHOPLISTING large glass ring (135 gold, have 22).
   712 | D:2      | 712 ||| SHOPLISTING metallic yellow potion (24 gold, have
                  | 22).
   712 | D:2      | 712 ||| SHOPLISTING ring mail (108 gold, have 22).
   712 | D:2      | 712 ||| SHOPLISTING sapphire ring (135 gold, have 22).
   712 | D:2      | 712 ||| SHOPLISTING scroll labelled TESHAO YNINUM (27 gold,
                  | have 22).
   712 | D:2      | 712 ||| SHOPLISTING scroll of teleportation (81 gold, have
                  | 22).
   765 | D:2      | Reached XP level 3. HP: 19/20 MP: 5/5
   858 | D:2      | Found an iron altar of Okawaru.
   859 | D:2      | 859 ||| PLANNING OKAWARU WORSHIP
   859 | D:2      | 859 ||| UPGRADING to +0 pair of boots.
   864 | D:2      | 864 ||| UPGRADING to +0 ring mail.
   874 | D:2      | 874 ||| DROPPING +0 leather armour.
   875 | D:2      | 875 ||| READING scroll of identify.
   875 | D:2      | 875 ||| IDENTIFYING bubbling red potion
   876 | D:2      | 876 ||| DROPPING potion of ambrosia.
   884 | D:2      | Became a worshipper of Warmaster Okawaru
   885 | D:2      | 885 ||| PLANNING D:1-11
  1220 | D:2      | 1220 ||| READING scroll labelled TAPHOU XUAMM.
  1321 | D:2      | 1321 ||| DRINKING 2 sedimented cyan potions.
  1354 | D:3      | Reached skill level 7 in Ranged Weapons
  1469 | D:3      | Noticed Jessica
  1474 | D:3      | Killed Jessica
  1475 | D:3      | Reached XP level 4. HP: 25/25 MP: 6/6
  1612 | D:3      | Reached skill level 8 in Ranged Weapons
  1818 | D:3      | Reached XP level 5. HP: 18/29 MP: 7/7
  1946 | D:3      | Reached skill level 9 in Ranged Weapons
  1946 | D:3      | HP: 2/29 [burnt (6)]
  1947 | D:3      | Incinerated by a bombardier beetle

Levels and vault maps discovered:
D:1:      dpeg_arrival_rhombi, layout_loops_ring, minmay_misc_feat_square
D:2:      layout_loops_ring, basic_altar, serial_shops, shop_fountains
D:3:      layout_loops_ring, wad_rectangle_vault, uniq_jessica

Skill      XL: |  1  2  3  4  5 |
---------------+----------------+-----
Ranged Weapons | 6 7 8 9 |  9.0
Fighting       | |  1.5
Dodging        | |  2.4
Stealth        | |  1.2

Action                     |  1- 3 |  4- 6 || total
---------------------------+-------+-------++-------
   Fire: Shortbow          |   103 |    87 ||   190
    Use: Scroll            |     7 |       ||     7
         Potion            |     1 |       ||     1
 Armour: Leather armour    |    18 |       ||    18
         Ring mail         |    13 |    25 ||    38
  Dodge: Dodged            |    21 |    17 ||    38

Table legend:
 A = Non-vault XP
 B = Vault XP
 C = Vault XP percentage of total XP
 D = Non-vault monster count
 E = Vault monster count
 F = Vault count percentage of total count
                 A         B        C        D         E       F
            +---------+---------+-------+---------+---------+-------
      Total |     236 |      48 |  16.9 |      53 |       7 |  11.7
            +---------+---------+-------+---------+---------+-------
        D:1 |      36 |       0 |   0.0 |      22 |       0 |   0.0
        D:2 |      25 |       0 |   0.0 |       9 |       0 |   0.0
        D:3 |     175 |      48 |  21.5 |      22 |       7 |  24.1
            +---------+---------+-------+---------+---------+-------
